 Dungeon Sprint DCSS version 0.30.1-9-gdf580d7c3d (webtiles) character file.

Game seed: 8971080365642461391

21294 Heoruswealwe the Phalangite (level 12, -9/132 HPs)
             Began as a Minotaur Fighter on Oct 11, 2023.
             Was an Initiate of Gozag.
             Killed from afar by a fire dragon (23 damage)
             ... with a blast of flame
             ... in the Dungeon (Sprint IX: "|||||||||||||||||||||||||||||").
             The game lasted 00:27:00 (2689 turns).

Heoruswealwe the Phalangite (Minotaur Fighter)      Turns: 2689, Time: 00:27:01

Health: -9/132     AC: 25    Str: 26    XL:     12   Next: 52%
Magic:  11/11      EV:  8    Int:  5    God:    Gozag
Gold:   841        SH:  4    Dex: 10    Spells: 11/11 levels left

rFire   . . .        a - +8 demon trident
rCold   + . .        d - +0 buckler
rNeg    . . .        c - +0 plate armour {rC+}
rPois   .            (helmet restricted)
rElec   .            h - +0 cloak
rCorr   .            f - +0 pair of gloves
SInv    .            e - +1 pair of boots
Will    .....        i - amulet of Vitality {RegenMP++ Regen++} Stlth
                     (no ring)
HPRegen 2.02/turn    (no ring)
MPRegen 0.92/turn

%: no teleportation
@: on berserk cooldown, hasted and slowed
A: horns 2, retaliatory headbutt
a: Renounce Religion, Potion Petition, Call Merchant, Bribe Branch


You were in the Dungeon.
You worshipped Gozag.
Gozag was pleased with you.
You visited 1 branch You collected 7786 gold pieces.
You spent 5034 gold pieces at shops.
You paid 1911 gold pieces to Gozag.

Inventory:

Hand Weapons
 a - a +8 demon trident (weapon)
 b - a +0 glaive
 s - a +0 antimagic demon trident
 u - the +4 lajatang of Qull {heavy, rPois Str+5 Stlth-}
   (You found it in the Dungeon)

   Str:       It affects your strength (+5).
   rPois:     It protects you from poison.
   Stlth:     It makes you less stealthy.
Armour
 c - a +0 plate armour of cold resistance (worn)
 d - a +0 buckler (worn)
 e - a +1 pair of boots (worn)
 f - a +0 pair of gloves (worn)
 h - a +0 cloak (worn)
Jewellery
 i - the amulet of Vitality (around neck) {RegenMP++ Regen++}
   (You bought it in a shop in the Dungeon)

   [amulet of magic regeneration]

   It increases your rate of magic regeneration.
   Regen:     It increases your rate of health regeneration.
Wands
 p - a wand of iceblast (10)
Scrolls
 j - 3 scrolls of blinking
 n - 13 scrolls of identify
 o - 4 scrolls of enchant armour
 x - a scroll of silence
Potions
 g - 3 potions of haste
 k - 2 potions of might
 l - 4 potions of curing
 q - a potion of mutation
Miscellaneous
 m - a piece from Xom's chessboard (15/15)
 r - a phantom mirror


   Skills:
 + Level 19.8 Fighting
 * Level 26.5 Polearms
 + Level 19.7 Armour
 - Level 3.6 Shields


You had 11 spell levels left.
You didn't know any spells.
Your spell library contained the following spells:

 Spells                   Type           Power      Damage    Failure   Level
 Sublimation of Blood     Necr           0%         N/A       99%         2
 Wereblood                Tmut           0%         N/A       99%         2
 Summon Hydra             Summ           0%         N/A       100%        7


Dungeon Overview and Level Annotations

Branches:
Dungeon (1/1)

Altars:
Cheibriados
Dithmenos
Elyvilon
Fedhas
Gozag
Hepliaklqana
Kikubaaqudgha
Makhleb
Nemelex Xobeh
Okawaru
Qazlal
Ru
Sif Muna
Trog
Uskayaw
Vehumet
Wu Jian
Xom
Yredelemnul
Zin
The Shining One
Jiyva
Lugonu

Shops:
D (?*=*?


Innate Abilities, Weirdness & Mutations

You have a pair of horns on your head.
You reflexively headbutt those who attack you in melee.


Message History

The fire dragon claws you but does no damage.
The fire dragon completely misses you.
The fire dragon bites you but does no damage.
The fire dragon claws you.
* * * LOW HITPOINT WARNING * * *
The fire dragon tramples you but does no damage.
Items here: $ ( ))) [.
You completely miss the fire dragon. You headbutt the fire dragon!
The fire dragon is lightly wounded.
The fire dragon bites you but does no damage.
The fire dragon barely misses you.
The fire dragon tramples you but does no damage.
You hit the fire dragon.
The fire dragon is lightly wounded.
The fire dragon bites you!
* * * LOW HITPOINT WARNING * * *
You block the fire dragon's attack.
The fire dragon tramples you but does no damage.
You feel better. The fire dragon breathes flames at you.
The blast of flame hits you!!
* * * LOW HITPOINT WARNING * * *
You feel yourself speed up. The fire dragon bites you!
* * * LOW HITPOINT WARNING * * *
The fire dragon claws you but does no damage.
The fire dragon tramples you but does no damage.
The fire dragon bites you.
* * * LOW HITPOINT WARNING * * *
The fire dragon barely misses you.
The fire dragon tramples you but does no damage.
You puncture the fire dragon!
The fire dragon is moderately wounded.
The fire dragon bites you but does no damage.
The fire dragon claws you but does no damage.
The fire dragon barely misses you.
You feel better. The fire dragon breathes flames at you.
The blast of flame hits you!!
You die...
Your body crumbles into a pile of gold.

,,,,+,,,,,,,,,,,,,,,,,,,,,+,,,,,,
*********************************
,,,,,,,,,,,,,,,,,,,,,,,,,,,,,,,,,
*********************************
,,,,,,,+,,,,,,,,,+,,,,,,,,,+,,,,,
*********************************
,,,,,,,,,,,,,,,,,,,,,,,,,,,,,,,,,
*********▓▓▓▓▓▓▓▓▓▓▓▓▓▓▓▓▓▓▓▓▓▓▓▓
,,,,+,,,,......D@$$.$.???......[[
▓▓▓▓▓▓▓▓▓▓▓▓▓▓▓▓▓▓▓▓▓▓▓▓▓▓▓▓▓▓▓▓▓
.................................
▓▓▓▓▓▓▓▓▓▓▓▓▓▓▓▓▓▓▓▓▓▓▓▓▓▓▓▓▓▓▓▓▓
..∩.'.∩.∩.∩.∩.∩.∩...?['..)))[))))
▓▓▓▓▓▓▓▓▓▓▓▓▓▓▓▓▓▓▓▓▓▓▓▓▓▓▓▓▓▓▓▓▓
))...............................
▓▓▓▓▓▓▓▓▓▓▓▓▓▓▓▓▓▓▓▓▓▓▓▓▓▓▓▓▓▓▓▓▓
..[..[..'.(?[........'.........'.


You could see a fire dragon (catching breath).

Vanquished Creatures
  A very ugly thing (D)
  An ettin (D)
  A rakshasa (D)
  An ice dragon (D)
  A hydra (D)
  A death knight (D)
  2 boulder beetles (D)
  3 centaur warriors (D)
  A tengu warrior (D)
  A two-headed ogre (D)
  Urug (D)
  2 orc high priests (D)
  A lindwurm (D)
  7 orc sorcerers (D)
  An ugly thing (D)
  A manticore (D)
  An oklob plant (D)
  2 cyclopes (D)
  An elephant (D)
  A black mamba (D)
  A gargoyle (D)
  A torpor snail (D)
  A cane toad (D)
  A rime drake (shapeshifter) (D)
  3 komodo dragons (D)
  A troll (D)
  A tarantella (shapeshifter) (D)
  2 tyrant leeches (D)
  2 blink frogs (D)
  2 vampires (D)
  2 yaks (D)
  A wraith (D)
  A wyvern (D)
  A vampire mosquito (D)
  4 water moccasins (D)
  12 orc warriors (D)
  A black bear (D)
  A killer bee (D)
  2 iguanas (D)
  14 orc wizards (D)
  5 worms (D)
  6 orcs (D)
  A ball python (D)
  2 goblins (D)
  A kobold (D)
  A frilled lizard (D)
101 creatures vanquished.

Notes
Turn   | Place    | Note
-------+----------+-------------------------------------------
     0 | D        | Heoruswealwe the Minotaur Fighter began the quest for the
                  | Orb.
     0 | D        | Reached XP level 1. HP: 19/19 MP: 0/0
    11 | D        | Reached skill level 3 in Polearms
    29 | D        | Noticed an iguana
    29 | D        | Noticed an iguana
    29 | D        | Noticed a black bear
    38 | D        | Killed a black bear
    39 | D        | Reached skill level 7 in Polearms
    39 | D        | Reached XP level 2. HP: 14/31 MP: 1/1
    39 | D        | Reached XP level 3. HP: 18/38 MP: 2/2
    39 | D        | Reached XP level 4. HP: 21/45 MP: 3/3
    45 | D        | Reached skill level 8 in Polearms
    53 | D        | Reached skill level 9 in Polearms
    53 | D        | Reached XP level 5. HP: 25/52 MP: 4/4
    61 | D        | Found a snail-covered altar of Cheibriados.
    61 | D        | Found a shadowy altar of Dithmenos.
    61 | D        | Found a white marble altar of Elyvilon.
    61 | D        | Found a blossoming altar of Fedhas.
    61 | D        | Found an opulent altar of Gozag.
    62 | D        | Found a hazy altar of Hepliaklqana.
    63 | D        | Found a viscous altar of Jiyva.
    64 | D        | Found an ancient bone altar of Kikubaaqudgha.
    65 | D        | Found a corrupted altar of Lugonu.
    66 | D        | Found a burning altar of Makhleb.
    67 | D        | Found a sparkling altar of Nemelex Xobeh.
    68 | D        | Found an iron altar of Okawaru.
    69 | D        | Became a worshipper of Gozag Ym Sagoz the Greedy
    70 | D        | Found a stormy altar of Qazlal.
    71 | D        | Found a sacrificial altar of Ru.
    72 | D        | Found a shimmering blue altar of Sif Muna.
    73 | D        | Found a bloodstained altar of Trog.
    74 | D        | Found a hide-covered altar of Uskayaw.
    75 | D        | Found a radiant altar of Vehumet.
    76 | D        | Found an ornate altar of the Wu Jian Council.
    77 | D        | Found a shimmering altar of Xom.
    78 | D        | Found a basalt altar of Yredelemnul.
    79 | D        | Found a glowing silver altar of Zin.
    80 | D        | Found a glowing golden altar of the Shining One.
   152 | D        | Noticed a wraith
   152 | D        | Noticed an orc warrior
   152 | D        | Noticed a two-headed ogre
   152 | D        | Noticed a troll
   152 | D        | Noticed a vampire mosquito
   155 | D        | Killed a vampire mosquito
   156 | D        | Reached skill level 10 in Polearms
   158 | D        | Reached skill level 11 in Polearms
   158 | D        | Reached XP level 6. HP: 57/62 MP: 5/5
   162 | D        | Killed a troll
   163 | D        | Reached skill level 12 in Polearms
   166 | D        | Killed a two-headed ogre
   167 | D        | Reached skill level 14 in Polearms
   167 | D        | Reached XP level 7. HP: 32/74 MP: 6/6
   167 | D        | Reached XP level 8. HP: 36/82 MP: 7/7
   173 | D        | Reached skill level 15 in Polearms
   382 | D        | Noticed a centaur warrior
   382 | D        | Noticed a gargoyle
   382 | D        | Noticed a centaur warrior
   382 | D        | Noticed a centaur warrior
   389 | D        | Killed a centaur warrior
   390 | D        | Reached skill level 16 in Polearms
   393 | D        | Killed a centaur warrior
   394 | D        | Reached skill level 17 in Polearms
   394 | D        | Reached XP level 9. HP: 67/93 MP: 8/8
   398 | D        | Reached skill level 18 in Polearms
   410 | D        | Killed a gargoyle
   417 | D        | Killed a centaur warrior
   418 | D        | Reached skill level 19 in Polearms
   693 | D        | Noticed a torpor snail
   693 | D        | Noticed a komodo dragon
   694 | D        | Noticed a black mamba
   696 | D        | Killed a komodo dragon
   697 | D        | Reached XP level 10. HP: 104/104 MP: 9/9
   701 | D        | Killed a torpor snail
   711 | D        | Killed a black mamba
   712 | D        | Reached skill level 15 in Fighting
   712 | D        | Reached skill level 20 in Polearms
   712 | D        | Reached skill level 15 in Armour
   754 | D        | Noticed a boulder beetle
   754 | D        | Noticed a cane toad
   754 | D        | Noticed an elephant
   782 | D        | Killed a boulder beetle
   783 | D        | Reached skill level 21 in Polearms
   787 | D        | Killed an elephant
   796 | D        | Killed a cane toad
   951 | D        | Noticed an oklob plant
   961 | D        | Killed an oklob plant
   977 | D        | Reached XP level 11. HP: 48/115 MP: 10/10
  1149 | D        | Noticed a lindwurm
  1160 | D        | Reached skill level 22 in Polearms
  1169 | D        | Killed a lindwurm
  1331 | D        | Noticed Urug
  1339 | D        | Killed Urug
  1587 | D        | Noticed an orc high priest
  1606 | D        | Killed an orc high priest
  1683 | D        | Reached skill level 23 in Polearms
  1683 | D        | Noticed an orc high priest
  1709 | D        | Killed an orc high priest
  1895 | D        | Found Edghydou's Magic Scroll Boutique.
  1895 | D        | Noticed an orc sorcerer
  1895 | D        | Noticed an orc sorcerer
  1895 | D        | Noticed an orc sorcerer
  1896 | D        | Noticed an orc sorcerer
  1900 | D        | Killed an orc sorcerer
  1904 | D        | Killed an orc sorcerer
  1906 | D        | Killed an orc sorcerer
  1907 | D        | Found Dys Riaq's Assorted Antiques.
  1907 | D        | Noticed an orc sorcerer
  1908 | D        | Noticed a sixfirhy
  1910 | D        | Killed an orc sorcerer
  1911 | D        | Reached skill level 24 in Polearms
  1911 | D        | Noticed a soul eater
  1918 | D        | Found Orant's Jewellery Boutique.
  1931 | D        | Noticed an orc sorcerer
  1938 | D        | Killed an orc sorcerer
  1943 | D        | Found Gejedod's Magic Scroll Shop.
  1943 | D        | Paralysed by an orc sorcerer for 5 turns
  1953 | D        | Killed an orc sorcerer
  2216 | D        | Noticed an orc sorcerer
  2222 | D        | Killed an orc sorcerer
  2401 | D        | Bought a scroll of identify for 42 gold pieces
  2401 | D        | Bought a scroll of identify for 42 gold pieces
  2401 | D        | Bought a scroll labelled ZACLEU XIG JAL for 21 gold pieces
  2401 | D        | Bought a scroll labelled QIOGENKEI HEABIPH for 21 gold
                  | pieces
  2401 | D        | Bought the amulet of Vitality {RegenMP++ Regen++} for 2100
                  | gold pieces
  2401 | D        | Found the amulet of Vitality {RegenMP++ Regen++}
  2401 | D        | Bought a potion of curing for 63 gold pieces
  2405 | D        | Bought a scroll of identify for 26 gold pieces
  2405 | D        | Bought a scroll of enchant weapon for 97 gold pieces
  2405 | D        | Bought a scroll of identify for 26 gold pieces
  2405 | D        | Bought a scroll of enchant weapon for 97 gold pieces
  2405 | D        | Bought a scroll of blinking for 97 gold pieces
  2405 | D        | Bought a scroll of identify for 26 gold pieces
  2405 | D        | Bought a scroll of identify for 26 gold pieces
  2405 | D        | Bought a scroll of acquirement for 676 gold pieces
  2411 | D        | Bought a scroll of identify for 22 gold pieces
  2411 | D        | Bought a scroll of identify for 22 gold pieces
  2411 | D        | Bought a scroll of identify for 22 gold pieces
  2411 | D        | Bought a scroll of identify for 22 gold pieces
  2411 | D        | Bought a scroll of poison for 44 gold pieces
  2411 | D        | Bought a scroll of identify for 22 gold pieces
  2411 | D        | Bought a scroll of identify for 22 gold pieces
  2411 | D        | Bought a scroll of silence for 104 gold pieces
  2411 | D        | Bought a scroll of vulnerability for 44 gold pieces
  2447 | D        | Bought a scroll of enchant weapon for 150 gold pieces
  2447 | D        | Bought a phantom mirror for 800 gold pieces
  2447 | D        | Bought a scroll of identify for 40 gold pieces
  2450 | D        | Bought a scroll of enchant armour for 120 gold pieces
  2450 | D        | Bought a scroll of enchant armour for 120 gold pieces
  2450 | D        | Bought a scroll of enchant weapon for 120 gold pieces
  2464 | D        | Acquired a +0 antimagic demon trident
  2566 | D        | Got the +4 lajatang of Qull {heavy, rPois Str+5 Stlth-}
  2608 | D        | Noticed a boulder beetle
  2608 | D        | Noticed a seven-headed hydra
  2608 | D        | Noticed a death knight
  2629 | D        | Noticed an ice dragon
  2631 | D        | Killed a death knight
  2631 | D        | Noticed a rakshasa
  2632 | D        | Reached skill level 25 in Polearms
  2632 | D        | Reached XP level 12. HP: 53/128 MP: 11/11
  2637 | D        | Killed a seven-headed hydra
  2638 | D        | Noticed a brown very ugly thing
  2643 | D        | Killed a rakshasa
  2645 | D        | Noticed an ettin
  2655 | D        | Killed a boulder beetle
  2655 | D        | Noticed a tengu warrior
  2662 | D        | Killed an ice dragon
  2666 | D        | Noticed a fire dragon
  2668 | D        | Killed a green very ugly thing
  2669 | D        | Reached skill level 26 in Polearms
  2676 | D        | Killed an ettin
  2682 | D        | Killed a tengu warrior
  2687 | D        | HP: 4/132 [fire dragon (4)]
  2689 | D        | Killed from afar by a fire dragon

Illustrated notes

Levels and vault maps discovered:
D:        linesprint [early_d, line_temple, items_1, d_10, items_2, lair_1,
          lair_end, items_3, orc_1, orc_end, items_4, d_15, swamp_1, shoals_1,
          snake_1, spider_1, d_20, vaults_1, items_5, swamp_end, shoals_end,
          snake_end, spider_end, vaults_end, d_27, items_6, zot_1, zot_end,
          crypt_end, forest_end, elf_end, slime_end, tomb_end, abyss_end,
          pan_hell_end]

Skill      XL: |  1  2  3  4  5  6  7  8  9 10 11 12 |
---------------+-------------------------------------+-----
Polearms       | 7 9 11 14 17 19 21 25 26 | 26.5
Fighting       | 6 7 8 11 13 14 16 18 19 | 19.8
Armour         | 6 7 8 11 13 14 16 18 19 | 19.7
Shields        | |  3.6

Action                     |  1- 3 |  4- 6 |  7- 9 | 10-12 || total
---------------------------+-------+-------+-------+-------++-------
  Melee: Trident           |    18 |    16 |       |       ||    34
         Headbutt          |     1 |    10 |     7 |    62 ||    80
         Halberd           |       |    14 |    42 |   119 ||   175
         Demon trident     |       |       |       |   212 ||   212
 Invoke: Call Merchant     |       |       |       |     3 ||     3
    Use: Potion            |     1 |       |     2 |     9 ||    12
         Scroll            |       |       |       |     8 ||     8
   Stab: Distracted        |       |       |       |     2 ||     2
 Armour: Scale mail        |    11 |    11 |       |       ||    22
         Chain mail        |       |       |    36 |    39 ||    75
         Plate armour      |       |       |       |    87 ||    87
  Dodge: Dodged            |     9 |     9 |    15 |    52 ||    85
  Block: Buckler           |     5 |     2 |       |    20 ||    27
